 Dungeon Crawl Stone Soup version 0.30-a0-1123-gabc949cf19 (webtiles) character file.

Game seed: 9664426241773096985

50 cheesebisquit the Grave Robber (level 3, -2/28 HPs)
             Began as a Ghoul Necromancer on Apr 22, 2023.
             Slain by an orc
             ... wielding a +2 short sword of holy wrath
              (6 damage)
             ... on level 2 of the Dungeon.
             The game lasted 00:05:33 (1075 turns).

cheesebisquit the Grave Robber (Ghoul Necromancer)  Turns: 1075, Time: 00:05:34

Health: -2/28      AC:  3    Str: 11    XL:     3   Next: 79%
Magic:  0/5        EV: 12    Int: 12    God:
Gold:   90         SH:  0    Dex:  9    Spells: 5/6 levels left

rFire   . . .        c - +1 whip (freeze)
rCold   + . .        (no shield)
rNeg    + + +        a - +0 robe
rPois   ∞            (no helmet)
rElec   .            e - +0 cloak
rCorr   .            (no gloves)
SInv    .            (no boots)
Will    .....        j - amulet of regeneration
Stlth   ++           (no ring)
HPRegen 0.00/turn    (no ring)
MPRegen 0.09/turn

%: no passive effects
@: inhibited regen
A: claws 1, cold resistance 1, negative energy resistance 3, inhibited
regeneration, torment resistance 2, devour on kill
a: no special abilities


You were on level 2 of the Dungeon.
You visited 1 branch of the dungeon, and saw 2 of its levels.

You collected 90 gold pieces.

Inventory:

Hand Weapons
 c - a +1 whip of freezing (weapon)
Missiles
 d - 4 poisoned darts
Armour
 a - a +0 robe (worn)
 e - a +0 cloak (worn)
Jewellery
 j - an amulet of regeneration (around neck)
Scrolls
 g - a scroll of noise {unknown}
 i - a scroll of identify {unknown}
 k - a scroll of torment {unknown}
 m - a scroll of poison {unknown}
Potions
 f - a potion of lignification {unknown}
 h - a potion of curing {unknown}
 l - a potion of degeneration {unknown}


   Skills:
 + Level 1.4 Fighting
 - Level 1.7 Dodging
 - Level 2.1 Stealth
 + Level 2.3 Spellcasting
 + Level 4.6 Necromancy


You had 5 spell levels left.
You knew the following spells:

 Your Spells              Type           Power      Damage    Failure   Level
a - Necrotise             Necr           48%        1d6       3%          1

Your spell library contained the following spells:

 Spells                   Type           Power      Damage    Failure   Level
 Vampiric Draining        Necr           12%        2d6       12%         3
 Animate Dead             Necr           12%        N/A       36%         4
 Frozen Ramparts          Ice            2%         1d1       61%         3
 Agony                    Necr           12%        N/A       71%         5
 Summon Ice Beast         Ice/Summ       1%         N/A       95%         4
 Ice Form                 Ice/Tmut       Unusable   N/A       N/A         4

Dungeon Overview and Level Annotations

Branches:
Dungeon (2/15)

Altars:


Innate Abilities, Weirdness & Mutations

You are immune to poison.
You have sharp fingernails.
Your flesh is cold resistant. (rC+)
You are immune to negative energy. (rN+++)
You do not regenerate when monsters are visible.
You are immune to unholy pain and torment.
You thrive by killing the living.


Message History

Press: ? - help, Q - select action, (/) - cycle Shift-Dir - straight line, f/p - orc wizard
Aim: an orc wizard, wielding a +0 dagger and wearing a +0 robe (almost dead, chance to affect: 67%)
The orc wizard struggles to resist.
The orc wizard hits you but does no damage.
Aiming: Necrotise (safe; 4% risk of failure)
Press: ? - help, Q - select action, (/) - cycle Shift-Dir - straight line, f/p - orc wizard
Aim: an orc wizard, wielding a +0 dagger and wearing a +0 robe (almost dead, chance to affect: 67%)
The orc wizard writhes in agony.
You kill the orc wizard!
You feel better.
The dead are walking!
Your Fighting skill increases to level 1!
Aiming: Necrotise (safe; 3% risk of failure)
Press: ? - help, Q - select action, (/) - cycle Shift-Dir - straight line, f - orc
Aim: an orc, wielding a +0 flail (chance to affect: 81%)
The orc writhes in agony.
The orc barely misses you.
Aiming: Necrotise (safe; 3% risk of failure)
Press: ? - help, Q - select action, (/) - cycle Shift-Dir - straight line, f/p - orc
Aim: an orc, wielding a +0 flail (heavily wounded, chance to affect: 81%)
The orc writhes in agony.
The orc barely misses you.
You don't have enough magic to cast this spell.
You don't have enough magic to cast this spell.
Okay, then.
Okay, then.
You hit the orc. You freeze the orc.
You kill the orc!
Your orc wizard skeleton barely misses the orc.
You closely miss the orc. The orc closely misses you.
Your orc wizard skeleton closely misses the orc.
You hit the orc. You freeze the orc.
The orc is heavily wounded.
The orc hits you with a +2 short sword of holy wrath.
* * * LOW HITPOINT WARNING * * *
You convulse.
* * * LOW HITPOINT WARNING * * *
Your orc wizard skeleton misses the orc.
The orc hits you with a +2 short sword of holy wrath.
You die...

..# ..# .)#### #######
#.... #.....# #...
#.###.# #..# #.# #.#
#..# ###
##.###.###..### ..#
#.......@o....# #.#
#..###.###Z[#.# #.#
#......##...#.### #.#
#.######........#. #.#
#####.#######.........
#.# #.........#
##........ #.#
#.###.###.# #o.......
..# #.###.# #......##
### #.....# #'####.#


You could see an orc (ally target) and a friendly orc wizard skeleton.

Vanquished Creatures
  An orc wizard (D:2)
  3 orcs (D:2)
  2 ball pythons (D:1)
  2 endoplasms
  A giant cockroach (D:1)
  3 hobgoblins
  A quokka (D:2)
  2 bats
  2 frilled lizards
  3 kobolds (D:1)
  3 rats
23 creatures vanquished.

Vanquished Creatures (collateral kills)
  A rat (D:1)
1 creature vanquished.

Grand Total: 24 creatures vanquished

Notes
Turn   | Place    | Note
-------+----------+-------------------------------------------
     0 | D:1      | cheesebisquit the Ghoul Necromancer began the quest for the
                  | Orb.
     0 | D:1      | Reached XP level 1. HP: 14/14 MP: 2/2
   164 | D:1      | Reached XP level 2. HP: 20/20 MP: 2/4
   537 | D:1      | Found a faded altar of an unknown god.
  1059 | D:2      | Reached XP level 3. HP: 27/27 MP: 1/5
  1071 | D:2      | Reached skill level 1 in Fighting
  1075 | D:2      | Slain by an orc

Illustrated notes

Levels and vault maps discovered:
D:1:      dpeg_arrival_rhombi, layout_basic,
          hellmonk_ecumenical_altar_defaced_shrine,
          minmay_misc_feat_four_crosses, hangedman_decor_riveting
D:2:      layout_loops_corners, basic_altar

Skill      XL: |  1  2  3 |
---------------+----------+-----
Spellcasting   | 2 |  2.3
Fighting       | 1 |  1.4
Dodging        | |  1.7
Stealth        | |  2.1
Necromancy     | |  4.6

Action                     || total
---------------------------++-------
  Melee: Whip              ||    32
   Cast: Necrotise         ||    40
    Use: Potion            ||     1
 Armour: Robe              ||     6
  Dodge: Dodged            ||    23

Table legend: (Time is in decaauts)
 A = Elapsed time spent in this place.
 B = Non-inter-level travel time spent in this place.
 C = Inter-level travel time spent in this place.
 D = Time resting spent in this place.
 E = Time spent auto-exploring this place.
 F = Levels seen in this place.
 G = Mean time per level.
                   A        B        C        D        E       F      G
               +--------+--------+--------+--------+--------+-----+--------+
         Total |   1076 |    994 |     82 |      0 |    802 |   2 |  538.0 |
       Dungeon |   1076 |    994 |     82 |      0 |    802 |   2 |  538.0 |
               +--------+--------+--------+--------+--------+-----+--------+

Top non-repeatable levels by time:
     D:1: 787 daAuts
     D:2: 289 daAuts
